 Dungeon Crawl Stone Soup version 0.24-a0-361-g57161393b2 (webtiles) character file.

Game seed: 7076995267092074378

110 Azzok the Ruffian (level 4, -3/40 HPs)
             Began as a Troll Transmuter on May 26, 2019.
             Slain by Sigmund
             ... wielding a +0 scythe
              (14 damage)
             ... on level 2 of the Dungeon.
             The game lasted 00:02:11 (1384 turns).

Azzok the Ruffian (Troll Transmuter)                Turns: 1384, Time: 00:02:12

Health: -3/40      AC:  6    Str: 18    XL:     4   Next: 61%
Magic:  6/6        EV: 10    Int: 10    God:
Gold:   111        SH:  0    Dex: 10    Spells: 6/7 levels left

rFire    . . .     SeeInvis .     - Unarmed
rCold    + . .     Gourm    +   (no shield)
rNeg     . . .     Faith    .   b - +0 robe
rPois    .         Spirit   .   (helmet restricted)
rElec    .         Reflect  .   (no cloak)
rCorr    .         Harm     .   (gloves unavailable)
MR       .....                  (boots unavailable)
Stlth    +.........             f - amulet of the acrobat
HPRegen  0.53/turn              m - ring of protection from cold
MPRegen  0.10/turn              (no ring)

@: no status effects
A: large, unfitting armour, claws 3, fast metabolism 3, gourmand, regeneration
1, shaggy fur 1, tough skin 3
a: no special abilities


You were on level 2 of the Dungeon.
You were completely stuffed.

You visited 1 branch of the dungeon, and saw 2 of its levels.

You collected 111 gold pieces.

Inventory:

Hand Weapons
 n - a +0 short sword of draining
Missiles
 a - 12 arrows
Armour
 b - a +0 robe (worn)
Jewellery
 f - an amulet of the acrobat (around neck)
 m - a ring of protection from cold (left claw)
Scrolls
 g - 2 scrolls of enchant weapon {unknown}
 i - 3 scrolls of identify {unknown}
 j - a scroll of fog {unknown}
 k - a scroll of magic mapping {unknown}
 l - a scroll of enchant armour {unknown}
Potions
 c - 4 potions of curing {unknown}
 e - a potion of heal wounds {unknown}
Comestibles
 d - 6 rations


   Skills:
 - Level 0.7 Fighting
 - Level 1.5 Dodging
 - Level 3.0 Unarmed Combat
 + Level 2.3 Spellcasting
 + Level 2.7 Transmutations


You had 6 spell levels left.
You knew the following spells:

 Your Spells              Type           Power        Failure   Level  Hunger
a - Beastly Appendage     Tmut           #.....       10%         1    ##.....

Your spell library contained the following spells:

 Spells                   Type           Power        Failure   Level  Hunger
 Sticks to Snakes         Tmut           #.......     14%         2    ###....
 Spider Form              Tmut/Pois      #.........   45%         3    ####...
 Ice Form                 Ice/Tmut       #.......     86%         4    #####..
 Blade Hands              Tmut           #.........   95%         5    ######.


Dungeon Overview and Level Annotations

Branches:
Dungeon (2/15)

Altars:
Ashenzari
Vehumet

Annotations:
D:2 Sigmund


Innate Abilities, Weirdness & Mutations

You are too large for most types of armour.
You have claws for hands.
Your metabolism is lightning-fast.
You like to eat raw meat.
Your natural rate of healing is unusually fast.
You are covered in fur. (AC +1)
You have extremely tough skin. (AC +3)


Message History

Something hits you!
* * * LOW HITPOINT WARNING * * *
Something closely misses you.
Sigmund appears from thin air!
Reactivating autopickup.
Sigmund casts a spell at you. The magic dart hits you.
* * * LOW HITPOINT WARNING * * *
Sigmund is no longer moving quickly.
Sigmund says, "You will soon forget everything."
Sigmund hits you but does no damage.
You closely miss Sigmund.
Sigmund is lightly wounded.
You scratch Sigmund.
Sigmund is lightly wounded.
Sigmund closely misses you.
You scratch Sigmund.
Sigmund is moderately wounded.
Sigmund hits you with a +0 scythe!
You die...

▒▒▒▒▒╬▒······▒▒····▒▒········
▒·············▒▒········▒····
▒··············╬········╬····
▒·············▒▒······· ▒····
▒·····▒▒▒▒············ ▒····
▒·····▒▒▒▒·········· ▒····
▒······▒············ ▒▒▒▒▒
▒······▒······▒▒···
▒······▒····@·▒ ····
▒▒·····▒····@·▒ ····
▒·····▒·····▒▒ ···▒
▒·····▒·····▒▒▒▒···▒···
▒▒▒·······▒·▒······▒···
▒·······▒·▒·············
▒▒·······▒'▒·············
▒························
▒▒▒························


You could see Sigmund.

Vanquished Creatures
  Terence (D:2)
  A hound skeleton (D:2)
  2 adders (D:2)
  2 oozes (D:1)
  A dart slug (D:2)
  7 bats
  2 giant cockroaches
  8 goblins
  2 hobgoblins
  5 jackals (D:2)
  2 ball pythons (D:1)
  3 frilled lizards
  6 kobolds
  6 rats
48 creatures vanquished.

Notes
Turn   | Place    | Note
-------+----------+-------------------------------------------
     0 | D:1      | Azzok the Troll Transmuter began the quest for the Orb.
     0 | D:1      | Reached XP level 1. HP: 18/18 MP: 1/1
   158 | D:1      | Reached XP level 2. HP: 26/26 MP: 1/3
   573 | D:1      | Reached XP level 3. HP: 32/32 MP: 4/4
   837 | D:2      | Found a shattered altar of Ashenzari.
  1093 | D:2      | Reached XP level 4. HP: 37/40 MP: 6/6
  1104 | D:2      | Found a radiant altar of Vehumet.
  1117 | D:2      | Noticed Terence
  1127 | D:2      | Killed Terence
  1346 | D:2      | Noticed Sigmund
  1384 | D:2      | Slain by Sigmund

Levels and vault maps discovered:
D:1:      psy_arrival_terrarium, layout_loops_corners
D:2:      layout_basic, nicolae_overflow_crystal_walls, evilmike_ruin_ashenzari,
          uniq_sigmund, uniq_terence

Skill      XL: |  1  2  3 |
---------------+----------+-----
Transmutations | 2 |  2.7
Spellcasting   | 2 |  2.3
Fighting       | |  0.7
Dodging        | |  1.5
Unarmed Combat | |  3.0

Action                   |  1- 3 |  4- 6 || total
-------------------------+-------+-------++-------
Melee: Unarmed           |    92 |    32 ||   124
  Eat: Chunk             |    15 |     3 ||    18
Armor: Robe              |    21 |    10 ||    31
Dodge: Dodged            |    60 |    19 ||    79

Table legend:
 A = Non-vault XP
 B = Vault XP
 C = Vault XP percentage of total XP
 D = Non-vault monster count
 E = Vault monster count
 F = Vault count percentage of total count
                 A         B        C        D         E       F
            +---------+---------+-------+---------+---------+-------
      Total |     126 |      32 |  20.3 |      47 |       1 |   2.1
            +---------+---------+-------+---------+---------+-------
        D:1 |      51 |       0 |   0.0 |      27 |       0 |   0.0
        D:2 |      75 |      32 |  29.9 |      20 |       1 |   4.8
            +---------+---------+-------+---------+---------+-------
